 Dungeon Crawl Stone Soup version 0.24-a0-581-gc0fa6600bf (webtiles) character file.

Game seed: 12755131184731016845

779 MisterOstroum the Ducker (level 7, -6/49 HPs)
             Began as a Vampire Necromancer on Aug 25, 2019.
             Mangled by a phantom (8 damage)
             ... on level 4 of the Dungeon.
             The game lasted 00:31:05 (4525 turns).

MisterOstroum the Ducker (Vampire Necromancer)      Turns: 4525, Time: 00:31:06

Health: -6/49      AC: 10    Str:  5 (7)  XL:     7   Next: 54%
Magic:  19/19      EV: 16    Int: 18 (19) God:
Gold:   88         SH:  2    Dex: 18      Spells: 5/10 levels left

rFire    . . .     SeeInvis +   v - +2 flail (protect)
rCold    . . .     Gourm    .   (no shield)
rNeg     . . .     Faith    .   a - +0 robe
rPois    .         Spirit   .   (no helmet)
rElec    .         Reflect  +   (no cloak)
rCorr    .         Harm     .   l - +0 pair of gloves
MR       .....                  (no boots)
Stlth    +++.......             A - +2 amulet of reflection
HPRegen  0.36/turn              i - +3 ring of dexterity
MPRegen  0.16/turn              q - ring of magical power

@: protection aura, regenerating quickly
A: no food, fangs 3, see invisible, [frail 1], unbreathing
a: Exsanguinate


You were on level 4 of the Dungeon.
You were alive.

You visited 1 branch of the dungeon, and saw 4 of its levels.

You collected 125 gold pieces.
You spent 37 gold pieces at shops.

Inventory:

Hand Weapons
 s - a +0 spear
 v - a +2 flail of protection (weapon)
 w - a +1 dagger of venom
 y - a +0 trident
Missiles
 c - 45 arrows
 f - 98 stones
 o - 9 boomerangs (quivered)
 u - 2 datura-tipped darts
 z - 6 poisoned darts
Armour
 a - a +0 robe (worn)
 l - a +0 pair of gloves (worn)
Jewellery
 i - a +3 ring of dexterity (left hand)
 n - a cursed -2 ring of protection {unknown}
 q - a ring of magical power (right hand)
 A - a +2 amulet of reflection (around neck)
Wands
 m - a wand of acid (7)
Scrolls
 b - 3 scrolls of remove curse {unknown}
 h - 2 scrolls of magic mapping {unknown}
 k - a scroll of teleportation {unknown}
 p - a scroll of amnesia {unknown}
 r - a scroll of blinking {unknown}
Potions
 e - a potion of lignification {@q6}
 g - 2 potions of curing
 j - 2 potions of agility {unknown}
 t - 3 potions of brilliance
 x - a potion of haste {unknown}
 B - a potion of might {@q3 !q}


   Skills:
 + Level 4.3 Fighting
 - Level 5.3 Dodging
 - Level 5.0 Stealth
 - Level 2.0 Spellcasting
 - Level 5.1 Necromancy
 - Level 3.0 Evocations


You had 5 spell levels left.
You knew the following spells:

 Your Spells              Type           Power        Failure   Level  Hunger
a - Pain                  Necr           ###.         2%          1    N/A
b - Animate Skeleton      Necr           N/A          2%          1    N/A
c - Vampiric Draining     Necr           ###.......   6%          3    N/A

Your spell library contained the following spells:

 Spells                   Type           Power        Failure   Level  Hunger
 Regeneration             Chrm/Necr      ##........   19%         3    N/A
 Animate Dead             Necr           N/A          22%         4    N/A

Dungeon Overview and Level Annotations

Branches:
Dungeon (4/15)
 Temple: D:4-7

Altars:
Ashenzari
Gozag
Sif Muna

Shops:
D:4 (}[?%


Innate Abilities, Weirdness & Mutations

You do not eat.
Your natural rate of healing is unusually fast.
You have razor-sharp teeth.
You have supernaturally acute eyesight. (SInv)
You can survive without breathing.
[You are frail. (-10% HP)]


Message History

You hit the phantom. Your bite misses the phantom.
The phantom is moderately damaged.
The phantom barely misses you.
You hit the phantom.
The phantom is heavily damaged.
The phantom hits you.
You hit the phantom.
The phantom is heavily damaged.
The phantom hits you.
You closely miss the phantom.
The phantom is heavily damaged.
The phantom completely misses you.
You closely miss the phantom.
The phantom is heavily damaged.
The phantom closely misses you.
You barely miss the phantom.
The phantom is heavily damaged.
The phantom blinks!
You hit the phantom.
The phantom is severely damaged.
The phantom misses you.
You hit the phantom.
The phantom is severely damaged.
The phantom completely misses you.
You barely miss the phantom.
The phantom is severely damaged.
The phantom hits you!
You are too injured to fight recklessly!
You are too injured to fight recklessly!
You are too injured to fight recklessly!
You are too injured to fight recklessly!
You are too injured to fight recklessly!
You are too injured to fight recklessly!
You are too injured to fight recklessly!
You barely miss the phantom.
The phantom is severely damaged.
The phantom misses you.
You hit the phantom but do no damage.
The phantom is severely damaged.
The phantom hits you! The phantom hits you.
You closely miss the phantom.
The phantom is severely damaged.
You block the phantom's attack.
You barely miss the phantom.
The phantom is severely damaged.
The phantom closely misses you.
You closely miss the phantom. You bite the phantom.
The phantom is severely damaged.
The phantom hits you.
* * * LOW HITPOINT WARNING * * *
You hit the phantom but do no damage.
The phantom is severely damaged.
The phantom closely misses you.
You see here a +0 mace.
Things that are here:
a +0 leather armour; a +3 flail of draining The phantom blinks!
Wield which item (- for none, * to show all)? (? for menu, Esc to quit)
Your +2 flail of protection hums with potential!
v - a +2 flail of protection (weapon)
There is a stone staircase leading up here.
Throwing (i - inventory. (/) - cycle)
o - 9 boomerangs (quivered)
Press: ? - help, Shift-Dir - straight line, f/p - phantom
Aim: a phantom (severely damaged)
You throw a boomerang.
The boomerang hits the phantom but does no damage.
The phantom is severely damaged.
You sock the phantom!
Your weapon exudes an aura of protection.
The phantom is almost destroyed.
The phantom hits you.
You hit the phantom.
The phantom is almost destroyed.
The phantom blinks!
You hit the phantom but do no damage. Your bite misses the phantom.
The phantom is almost destroyed.
The phantom misses you.
You hit the phantom but do no damage.
The phantom is almost destroyed.
The phantom hits you.
* * * LOW HITPOINT WARNING * * *
The phantom misses you.
You closely miss the phantom. You bite the phantom, but do no damage.
The phantom is almost destroyed.
The phantom closely misses you.
You barely miss the phantom.
The phantom is almost destroyed.
The phantom hits you.
* * * LOW HITPOINT WARNING * * *
The phantom blinks!
You barely miss the phantom.
The phantom is almost destroyed.
The phantom hits you!
* * * LOW HITPOINT WARNING * * *
You block the phantom's attack.
You hit the phantom but do no damage.
Your weapon exudes an aura of protection.
The phantom is severely damaged.
The phantom hits you!
You die...

..###.#.###.#####...#########....
............# #...# #....
#.####..##### #...# #....
#.####..# #...# #.... #.#.....#
#...# ##... #.#.##.## #...# ##..
#......# #...# ###
....##############.###########
#########.......@W....#.∩....#
#....#.#<#..####.#.####.#
##.##.#.#.#[........# #.#
#...#.#.#......##)### #.#
#...#.#.###..#.##.# #.#
###...###.###..#.##.# #.#
##.......##..........# ####.#
##.........#######.######....#
#....≈≈≈....# #.....# #.....#


You could see a phantom.

Vanquished Creatures
  Grinder (D:4)
  Edmund (D:4)
  Purgy (D:4)
  A phantom (D:4)
  A howler monkey (D:4)
  2 orc wizards
  A worker ant (D:4)
  7 adders
  A dart slug (D:3)
  5 leopard geckos
  15 orcs
  6 giant cockroaches
  6 goblins
  5 hobgoblins
  8 jackals
  A quokka (D:4)
  3 ball pythons
  7 bats
  4 frilled lizards
  6 kobolds
  5 rats
87 creatures vanquished.

Vanquished Creatures (collateral kills)
  A kobold (D:3)
1 creature vanquished.

Grand Total: 88 creatures vanquished

Notes
Turn   | Place    | Note
-------+----------+-------------------------------------------
     0 | D:1      | MisterOstroum the Vampire Necromancer began the quest for
                  | the Orb.
     0 | D:1      | Reached XP level 1. HP: 13/13 MP: 3/3
   211 | D:1      | Reached XP level 2. HP: 19/19 MP: 3/5
   253 | D:1      | Reached skill level 5 in Necromancy
   762 | D:2      | Learned a level 1 spell: Animate Skeleton
  1139 | D:2      | Reached XP level 3. HP: 23/24 MP: 3/6
  1283 | D:2      | Reached skill level 5 in Stealth
  1528 | D:3      | Learned a level 3 spell: Vampiric Draining
  1651 | D:3      | Reached skill level 1 in Fighting
  1653 | D:3      | Reached XP level 4. HP: 29/32 MP: 2/7
  2129 | D:3      | Found a shattered altar of Ashenzari.
  2659 | D:3      | Reached XP level 5. HP: 20/39 MP: 1/8
  2998 | D:4      | Noticed Grinder
  3056 | D:4      | Noticed Edmund
  3077 | D:4      | Killed Edmund
  3077 | D:4      | Reached XP level 6. HP: 32/47 MP: 3/9
  3164 | D:4      | Found an opulent altar of Gozag.
  3205 | D:4      | Found Axtar's Food Emporium.
  3217 | D:4      | Found Xonasaep's Magic Scroll Shoppe.
  3234 | D:4      | Bought a scroll of identify for 28 gold pieces
  3409 | D:4      | Noticed Purgy
  3421 | D:4      | Killed Purgy
  3421 | D:4      | Reached skill level 5 in Dodging
  3467 | D:4      | Paralysed by Grinder for 6 turns
  3652 | D:4      | Found Duntorph's Weapon Boutique.
  3659 | D:4      | Bought 2 datura-tipped darts for 9 gold pieces
  3666 | D:4      | Found Ruluabru's Gadget Emporium.
  3750 | D:4      | Killed Grinder
  3750 | D:4      | Reached XP level 7. HP: 12/46 MP: 10/10
  3982 | D:4      | Found Vocesoge's Armour Shop.
  4246 | D:4      | Found a shimmering blue altar of Sif Muna.
  4524 | D:4      | HP: 1/49 [phantom (10)]
  4525 | D:4      | Mangled by a phantom

Levels and vault maps discovered:
D:1:      minmay_arrival_widening_spiral_wide, layout_rooms
D:2:      layout_loops_ring
D:3:      kennysheep_big_flooded_room, layout_basic,
          nicolae_ashenzari_panopticon
D:4:      layout_loops_cross, tgw_sif, grunt_gozag_breadcrumbs, serial_shops,
          nicolae_shop_stone, shop, shop, shop, shop, first_ration, uniq_edmund,
          uniq_purgy, uniq_grinder

Skill      XL: |  1  2  3  4  5  6  7 |
---------------+----------------------+-----
Necromancy     | 5 |  5.1
Stealth        | 4 5 |  5.0
Fighting       | 1 2 3 4 |  4.3
Dodging        | 4 5 |  5.3
Evocations     | 3 |  3.0
Spellcasting   | |  2.0

Action                   |  1- 3 |  4- 6 |  7- 9 || total
-------------------------+-------+-------+-------++-------
Melee: Mace              |     6 |       |       ||     6
       Dagger            |     5 |    55 |    19 ||    79
       Spear             |     1 |    74 |    63 ||   138
       Bite              |       |     8 |     7 ||    15
       Flail             |       |       |     8 ||     8
Throw: Stone             |       |     6 |       ||     6
       Dart              |       |     2 |       ||     2
       Boomerang         |       |       |    18 ||    18
 Cast: Pain              |    59 |    60 |     4 ||   123
       Vampiric Draining |       |     6 |     1 ||     7
       Animate Skeleton  |       |     2 |       ||     2
 Abil: Bat Form          |       |     1 |       ||     1
       Exsanguinate      |       |     1 |       ||     1
       Revivify          |       |     1 |       ||     1
Evoke: Wand              |       |       |     1 ||     1
  Use: Potion            |       |     1 |       ||     1
       Scroll            |       |     6 |       ||     6
 Stab: Sleeping          |     1 |     2 |       ||     3
Armor: Robe              |     5 |    25 |     1 ||    31
Dodge: Dodged            |    13 |   110 |    48 ||   171
Block: Other             |       |       |     8 ||     8

Table legend:
 A = Non-vault XP
 B = Vault XP
 C = Vault XP percentage of total XP
 D = Non-vault monster count
 E = Vault monster count
 F = Vault count percentage of total count
                 A         B        C        D         E       F
            +---------+---------+-------+---------+---------+-------
      Total |     474 |     639 |  57.4 |      82 |       6 |   6.8
            +---------+---------+-------+---------+---------+-------
        D:1 |      19 |       0 |   0.0 |      12 |       0 |   0.0
        D:2 |      56 |       0 |   0.0 |      20 |       0 |   0.0
        D:3 |     147 |      17 |  10.4 |      36 |       2 |   5.3
        D:4 |     252 |     622 |  71.2 |      14 |       4 |  22.2
            +---------+---------+-------+---------+---------+-------
